 Dungeon Crawl Stone Soup version 0.29.1-15-g9cfb28693d (webtiles) character file.

Game seed: 13636002400600175119

56 croobank the Sneak (level 3, -3/26 HPs)
             Began as an Octopode Delver on Mar 12, 2023.
             Slain by a goblin
             ... wielding a +0 dagger of venom
             ... led by Robin
              (6 damage)
             ... on level 2 of the Dungeon.
             The game lasted 00:02:28 (385 turns).

croobank the Sneak (Octopode Delver)                 Turns: 385, Time: 00:02:28

Health: -3/26      AC:  1    Str: 11    XL:     3   Next: 97%
Magic:  3/3        EV: 13    Int: 14    God:
Gold:   51         SH:  0    Dex: 13    Spells: 2/2 levels left

rFire   . . .      SeeInvis .   a - +0 hand axe
rCold   . . .      Faith    .   (no shield)
rNeg    . . .      Spirit   .   (helmet restricted)
rPois   .          Reflect  .   (no amulet)
rElec   .          Harm     .   (no ring)
rCorr   .          Rampage  .   (no ring)
Will    .....                   (no ring)
Stlth   ++++......              (no ring)
HPRegen 0.08/turn               (no ring)
MPRegen 0.08/turn               (no ring)
                                (no ring)
                                (no ring)

@: mighty, lethally poisoned (-3 -> -6)
A: almost no armour, amphibious, 8 rings, camouflage 1, gelatinous body 1,
(nimble swimmer 1), tentacles
a: no special abilities


You were on level 2 of the Dungeon.
You visited 1 branch of the dungeon, and saw 5 of its levels.

You collected 51 gold pieces.

Inventory:

Hand Weapons
 a - a +0 hand axe (weapon)
 h - a +0 flail
 m - a +0 short sword
Magical Staves
 i - a staff of fire
Wands
 f - a wand of digging (3)
Scrolls
 b - a scroll of fog
 c - a scroll of magic mapping
 g - 3 scrolls of identify {unknown}
 l - 2 scrolls of teleportation {unknown}


   Skills:
 + Level 3.4 Fighting
 + Level 2.6 Axes
 + Level 2.6 Dodging
 + Level 7.1 Stealth


You had 2 spell levels left.
You didn't know any spells.
Your spell library contained the following spells:

 Spells                   Type           Power      Damage    Failure   Level
 Sting                    Tmut/Pois      0%         1d3       28%         1
 Poisonous Vapours        Pois/Air       0%         N/A       41%         2
 Olgreb's Toxic Radiance  Pois           0%         N/A       96%         4


Dungeon Overview and Level Annotations

Branches:
Dungeon (6/15)
 Temple: D:4-7

Altars:
Makhleb

Shops:
D:5 [

Annotations:
D:3 Grinder


Innate Abilities, Weirdness & Mutations

You cannot wear most types of armour.
You are amphibious.
You can wear up to eight rings at the same time.
Your skin changes colour to match your surroundings (Stealth+).
Your rubbery body absorbs attacks. (AC +1, EV +1)
((You are camouflaged when in or above water. (Stealth+)))
You have tentacles for arms and can constrict up to eight enemies at once.


Message History

You hit Robin but do no damage.
Robin is lightly wounded.
You closely miss the goblin. You hit the goblin.
You kill the goblin!
You constrict Robin, but do no damage. The goblin barely misses you.
Robin hits you with a +0 short sword.
You hit Robin. You squeeze Robin!
Robin is severely wounded.
You hit the goblin. You constrict Robin, but do no damage.
The goblin hits you with a +0 dagger of venom.
You are poisoned.
Robin hits you with a +0 short sword.
You hit Robin.
Robin is severely wounded.
You closely miss the goblin. You constrict Robin.
You feel sick.
You hit Robin but do no damage.
Robin is almost dead.
You closely miss the goblin. You constrict Robin.
You feel sick. The goblin barely misses you.
Robin roars a battlecry!
The goblin goes into a battle-frenzy!
You hit Robin but do no damage. You squeeze Robin.
You kill Robin!
You hit the goblin.
You feel sick.
The goblin hits you with a +0 dagger of venom.
* * * LOW HITPOINT WARNING * * *
It was a potion of brilliance.
You feel clever all of a sudden.
* * * LOW HITPOINT WARNING * * *
You feel sick. The goblin misses you.
It was a potion of cancellation.
Your magical effects are unravelling.
You feel magically purged.
You feel yourself slow down.
You feel a little less clever now.
It was a potion of might.
You feel very mighty all of a sudden.
* * * LOW HITPOINT WARNING * * *
You feel sick.
The goblin hits you with a +0 dagger of venom.
You die...

........#......#
........#..?...#
........#......#
........#......#
........#......#
#.....#......#
#....#...g)†######
#..>....)@)......
#####.###########
#.# #.# #.# #.#
..# .##


You could see a goblin (strong).

Vanquished Creatures
  A hound (D:5)
  Robin (D:2)
  2 orcs
  A bat (D:3)
  3 goblins (D:2)
  3 hobgoblins
  A quokka (D:3)
  A kobold (D:3)
13 creatures vanquished.

Notes
Turn   | Place    | Note
-------+----------+-------------------------------------------
     0 | D:5      | croobank the Octopode Delver began the quest for the Orb.
     0 | D:5      | Reached XP level 1. HP: 16/16 MP: 1/1
    24 | D:6      | Noticed a phantom
    36 | D:5      | Found Fozxi's Armour Shop.
    43 | D:5      | Noticed a hound
    51 | D:5      | Killed a hound
    52 | D:5      | Reached XP level 2. HP: 20/21 MP: 2/2
    52 | D:5      | Reached XP level 3. HP: 25/26 MP: 3/3
    64 | D:5      | Noticed an ogre
   115 | D:3      | Found a burning altar of Makhleb.
   116 | D:3      | Noticed Grinder
   120 | D:3      | Reached skill level 7 in Stealth
   368 | D:2      | Noticed Robin
   382 | D:2      | Killed Robin
   385 | D:2      | Slain by a goblin

Illustrated notes

Levels and vault maps discovered:
D:2:      cheibrodos_greedy_goblins, layout_basic,
          ebering_ecumenical_altar_ruins, uniq_robin
D:3:      layout_basic, mainiacjoe_overflow_paths, gammafunk_ghost_smash,
          uniq_grinder
D:4:      layout_layer_cave, grunt_dithmenos_smoke_and_mirrors,
          mainiacjoe_overflow_24_doors
D:5:      lemuel_insect_pit, layout_rooms, gammafunk_temple_overflow_pools,
          serial_shops, nicolae_stop_n_shop_1
D:6:      layout_layer_cave, minmay_temple_entry_proselytizer, uniq_sigmund

Skill      XL: |  1  2  3 |
---------------+----------+-----
Stealth        | 7 |  7.1
Fighting       | |  3.4
Axes           | |  2.6
Dodging        | |  2.6

Action                   || total
-------------------------++-------
Melee: Hand axe          ||    29
       Constrict         ||    10
       Tentacles         ||     6
  Use: Potion            ||     4
       Scroll            ||     1
 Stab: Sleeping          ||     1
Armor: Skin              ||     4
Dodge: Dodged            ||    24
